 Dungeon Crawl Stone Soup version 0.26.1-11-gd32895ea62 (webtiles) character file.

Game seed: 8080219076627554429

53 Zeld the Cudgeller (level 3, -3/30 HPs)
             Began as a Draconian Gladiator on June 15, 2021.
             Slain by Natasha (5 damage)
             ... on level 2 of the Dungeon.
             The game lasted 00:01:22 (1385 turns).

Zeld the Cudgeller (Draconian Gladiator)            Turns: 1385, Time: 00:01:23

Health: -3/30      AC:  5    Str: 17    XL:     3   Next: 64%
Magic:  3/3        EV: 13    Int:  8    God:
Gold:   127        SH:  0    Dex: 12    Spells: 2/2 levels left

rFire    . . .     SeeInvis .   a - +0 flail
rCold    . . .     Faith    .   (no shield)
rNeg     . . .     Spirit   .   (armour unavailable)
rPois    .         Reflect  .   b - +0 hat
rElec    .         Harm     .   (no cloak)
rCorr    .         Rampage  .   (no gloves)
Will     .....                  (no boots)
Stlth    +.........             (no amulet)
HPRegen  0.10/turn              (no ring)
MPRegen  0.08/turn              (no ring)

@: no status effects
A: unfitting armour, cold-blooded, AC +5
a: no special abilities


You were on level 2 of the Dungeon.
You visited 1 branch of the dungeon, and saw 2 of its levels.

You collected 127 gold pieces.

Inventory:

Hand Weapons
 a - a +0 flail (weapon)
Missiles
 c - 2 throwing nets (quivered)
 d - 8 boomerangs
 l - 26 stones
Armour
 b - a +0 hat (worn)
Jewellery
 j - an uncursed ring of see invisible {unknown}
 k - a cursed +4 ring of protection {unknown}
Scrolls
 e - 4 scrolls of identify {unknown}
 f - 2 scrolls of remove curse {unknown}
 g - a scroll of fear {unknown}
 n - a scroll of enchant armour {unknown}
 o - a scroll of blinking {unknown}
Potions
 h - 2 potions of attraction {unknown}
 i - a potion of heal wounds {unknown}
 m - a potion of mutation {unknown}
 p - a potion of degeneration {unknown}
 q - a potion of haste {unknown}


   Skills:
 + Level 2.7 Fighting
 * Level 3.5 Maces & Flails
 * Level 2.5 Throwing
 + Level 3.0 Dodging


You had 2 spell levels left.
You didn't know any spells.
Your spell library was empty.

Dungeon Overview and Level Annotations

Branches:
Dungeon (2/15)

Altars:
Okawaru
The Shining One

Annotations:
D:2 Natasha


Innate Abilities, Weirdness & Mutations

Your plain brown scales are hard. (AC +5)
You cannot fit into any form of body armour.
You are cold-blooded and may be slowed by cold attacks.


Message History

You are too injured to fight recklessly!
Throw: 3 throwing nets
Press: ? - help, Q - select action, (/) - cycle Shift-Dir - straight line, f - iron imp
Aim: an iron imp (summoned, 67% to hit)
Okay, then.
You closely miss Natasha.
Natasha is heavily wounded.
The iron imp barely misses you. Natasha barely misses you.
Unknown command.
Natasha casts a spell at you. The magic dart hits you.
* * * LOW HITPOINT WARNING * * *
You see here a scroll labelled HEF XAGHUCH.
Throw: 3 throwing nets
Press: ? - help, Q - select action, (/) - cycle Shift-Dir - straight line, f - iron imp
Aim: an iron imp (summoned, 67% to hit)
You throw a throwing net. The throwing net hits the iron imp.
The iron imp is caught in the net!
The iron imp struggles against the net.
Natasha claws you.
You die...

#....# #
#.#.##
#.##.#.#
#......#####
####.###...#
#.##.....
#.#......
#5h......
#@.......
##.......
#......
#..... #...#
####


You could see an iron imp (summoned, caught) and Natasha.

Vanquished Creatures
  An ooze (D:2)
  A worm (D:2)
  3 dart slugs (D:1)
  A leopard gecko (D:1)
  5 bats
  3 giant cockroaches
  3 goblins
  5 hobgoblins
  4 jackals (D:1)
  4 kobolds
  3 frilled lizards
  3 rats
36 creatures vanquished.

Notes
Turn   | Place    | Note
-------+----------+-------------------------------------------
     0 | D:1      | Zeld the Draconian Gladiator began the quest for the Orb.
     0 | D:1      | Reached XP level 1. HP: 17/17 MP: 1/1
   109 | D:1      | Reached XP level 2. HP: 20/25 MP: 2/2
   678 | D:1      | Reached XP level 3. HP: 27/30 MP: 3/3
  1057 | D:2      | Found a glowing golden altar of the Shining One.
  1338 | D:2      | Found an iron altar of Okawaru.
  1369 | D:2      | Noticed Natasha
  1385 | D:2      | Slain by Natasha

Illustrated notes

Levels and vault maps discovered:
D:1:      tarquinn_simple_flora_water_b, layout_rooms, hex_medium,
          solitary_fountain, minmay_hexomino_u4
D:2:      layout_loops_cross, marbit_many_paths, okawaru_gym_becter,
          uniq_natasha, uniq_crazy_yiuf_cottage

Skill      XL: |  1  2  3 |
---------------+----------+-----
Throwing       | 2 |  2.5
Dodging        | 3 |  3.0
Fighting       | |  2.7
Maces & Flails | |  3.5

Action                   || total
-------------------------++-------
Melee: Flail             ||   103
       Tailslap          ||    14
Throw: Throwing net      ||     1
 Stab: Sleeping          ||     3
Armor: Skin              ||    35
Dodge: Dodged            ||    82
